TOP OF THE 1ST |
---|
Xavier Musketeers batting - Pitching for Oregon State Beavers : RHP Jake Brennan | Pitching: RHP Jake Brennan | | Batting: RHB Dillon Farley | 0-0: Called Strike 0-1: Ball 1-1: Ball 2-1: Called Strike 2-2: Strikes out looking | Batting: RHB Edmund Kline | 0-0: Ball 1-0: Ball 2-0: Foul Ball, location: 2F 2-1: Swinging Strike 2-2: Strikes out swinging | Batting: LHB Bobby Ryan | 0-0: Ball 1-0: Called Strike 1-1: Swinging Strike 1-2: Strikes out swinging | Top of the 1st over - 0 runs, 0 hits, 0 errors, 0 left on base; Xavier 0 - Oregon State 0 | BOTTOM OF THE 1ST |
---|
Oregon State Beavers batting - Pitching for Xavier Musketeers : RHP Frank Phillips | Pitching: RHP Frank Phillips | | Batting: RHB Travis Jackson | 0-0: Ball 1-0: Ball 2-0: Ball 3-0: Foul Ball, location: 2F 3-1: Base on Balls | Batting: RHB Wilson Serrano | 0-0: Called Strike 0-1: Ball 1-1: Foul Ball, location: 2F 1-2: Ball 2-2: Foul Ball, location: 2F 2-2: Ball 3-2: Fly out, F3 (Popup, 23F) | Batting: RHB Michael Kissinger | 0-0: Called Strike 0-1: Ball 1-1: Ball 2-1: Ball 3-1: Ground out U3 (Groundball, 3S) Travis Jackson to second | Batting: LHB Jon Jackson | 0-0: Called Strike 0-1: Swinging Strike Balk! Travis Jackson to third 0-2: Strikes out swinging | Bottom of the 1st over - 0 runs, 0 hits, 0 errors, 1 left on base; Xavier 0 - Oregon State 0 | TOP OF THE 2ND |
---|
Xavier Musketeers batting - Pitching for Oregon State Beavers : RHP Jake Brennan | Batting: SHB Orlando Lópes | 0-0: Called Strike 0-1: Foul Ball, location: 2F 0-2: Strikes out swinging | Batting: RHB Floyd Reynolds | 0-0: Ball 1-0: Foul Ball, location: 2F 1-1: Ball 2-1: Foul Ball, location: 2F 2-2: Ball 3-2: Base on Balls | Batting: LHB Duncan Sharp | 0-0: Ball 1-0: Called Strike 1-1: Fielders Choice at 2nd, 4-6 (Groundball, 4) | Batting: RHB Curt Lloyd | 0-0: Ball 1-0: Swinging Strike 1-1: Foul Ball, location: 2F 1-2: Ball 2-2: Foul Ball, location: 2F 2-2: Strikes out swinging | Top of the 2nd over - 0 runs, 0 hits, 0 errors, 1 left on base; Xavier 0 - Oregon State 0 | BOTTOM OF THE 2ND |
---|
Oregon State Beavers batting - Pitching for Xavier Musketeers : RHP Frank Phillips | Batting: RHB Lance Fullerton | 0-0: Ball 1-0: Foul Ball, location: 2F 1-1: Ball 2-1: SINGLE (Line Drive, 7LM) | Batting: SHB Brandon Hathaway | 0-0: SINGLE (Groundball, 6D) Lance Fullerton to second | Batting: SHB Luis Rodríguez | 0-0: Called Strike 0-1: Swinging Strike 0-2: Strikes out swinging | Batting: RHB Julius Sears | 0-0: Foul Ball, location: 2F 0-1: Foul Ball, location: 2F 0-2: Fly out, F7 (Flyball, 7LM) | Batting: RHB Bert Smith | 0-0: Ball 1-0: Fielders Choice at 2nd, 6-4 (Groundball, 6) | Bottom of the 2nd over - 0 runs, 2 hits, 0 errors, 2 left on base; Xavier 0 - Oregon State 0 | TOP OF THE 3RD |
---|
Xavier Musketeers batting - Pitching for Oregon State Beavers : RHP Jake Brennan | Batting: LHB Johnny Beach | 0-0: Called Strike 0-1: Ball 1-1: Ground out 4-3 (Groundball, 34D) | Batting: RHB Albert Smedley | 0-0: Called Strike 0-1: Swinging Strike 0-2: Strikes out looking | Batting: RHB Dillon Farley | 0-0: Ball 1-0: Foul Ball, location: 2F 1-1: Ball 2-1: Foul Ball, location: 2F 2-2: Ball 3-2: Base on Balls | Batting: RHB Edmund Kline | 0-0: Ball 1-0: Foul Ball, location: 2F 1-1: Fielders Choice at 2nd, 6-4 (Groundball, 6) | Top of the 3rd over - 0 runs, 0 hits, 0 errors, 1 left on base; Xavier 0 - Oregon State 0 | BOTTOM OF THE 3RD |
---|
Oregon State Beavers batting - Pitching for Xavier Musketeers : RHP Frank Phillips | Batting: RHB Travis Jackson | 0-0: Foul Ball, location: 2F 0-1: Foul Ball, location: 2F 0-2: Foul Ball, location: 2F 0-2: Ball 1-2: Foul Ball, location: 2F 1-2: Ground out 6-3 (Groundball, 6) | Batting: RHB Wilson Serrano | 0-0: Fly out, F7 (Flyball, 7LM) | Batting: RHB Michael Kissinger | 0-0: Ball 1-0: Called Strike 1-1: Foul Ball, location: 2F 1-2: Ball 2-2: Strikes out swinging | Bottom of the 3rd over - 0 runs, 0 hits, 0 errors, 0 left on base; Xavier 0 - Oregon State 0 | TOP OF THE 4TH |
---|
Xavier Musketeers batting - Pitching for Oregon State Beavers : RHP Jake Brennan | Batting: LHB Bobby Ryan | 0-0: Ball 1-0: Foul Ball, location: 2F 1-1: Ball 2-1: Ball 3-1: Called Strike 3-2: SOLO HOME RUN (Flyball, 7LD), Distance : 319 ft | Batting: SHB Orlando Lópes | 0-0: Foul Ball, location: 2F 0-1: Ball 1-1: Swinging Strike 1-2: SINGLE (Groundball, 4) (infield hit) | Batting: RHB Floyd Reynolds | 0-0: Swinging Strike 0-1: Ball 1-1: Swinging Strike 1-2: Foul Ball, location: 2F 1-2: Strikes out swinging | Batting: LHB Duncan Sharp | 0-0: Ball 1-0: 2-RUN HOME RUN (Flyball, 9LD), Distance : 337 ft | Batting: RHB Curt Lloyd | 0-0: Ball 1-0: Ball 2-0: Foul Ball, location: 2F 2-1: Ball 3-1: SINGLE (Line Drive, 7LS) | Batting: LHB Johnny Beach | 0-0: Foul Ball, location: 2F 0-1: Ball 1-1: Ball 2-1: Ball 3-1: Called Strike 3-2: Base on Balls Curt Lloyd to second | Batting: RHB Albert Smedley | 0-0: Foul Ball, location: 2F 0-1: Ball 1-1: Ball 2-1: Called Strike 2-2: SINGLE (Groundball, 4MD) Curt Lloyd to third Johnny Beach to second | Pitching: RHP John Womack | | Batting: RHB Dillon Farley | 0-0: Ball 1-0: Ball 2-0: Foul Ball, location: 2F 2-1: Ball 3-1: Fielders Choice at 2nd, 4-6 (Groundball, 4) Curt Lloyd scores Johnny Beach to third | Batting: RHB Edmund Kline | 0-0: Called Strike 0-1: Ball 1-1: Ball 2-1: Swinging Strike 2-2: Ball 3-2: Base on Balls Dillon Farley to second | Batting: LHB Bobby Ryan | 0-0: Foul Ball, location: 2F 0-1: Ball 1-1: SINGLE (Groundball, 6D) Johnny Beach scores Dillon Farley to third Edmund Kline to second Runner from 3rd tries for Home, throw and OUT! | Top of the 4th over - 5 runs, 6 hits, 0 errors, 2 left on base; Xavier 5 - Oregon State 0 | BOTTOM OF THE 4TH |
---|
Oregon State Beavers batting - Pitching for Xavier Musketeers : RHP Frank Phillips | Batting: LHB Jon Jackson | 0-0: Foul Ball, location: 2F 0-1: Ball 1-1: Foul Ball, location: 2F 1-2: Strikes out looking | Batting: RHB Lance Fullerton | 0-0: Ball 1-0: Fly out, F9 (Flyball, 89M) | Batting: SHB Brandon Hathaway | 0-0: SOLO HOME RUN (Flyball, 78XD), Distance : 378 ft | Batting: SHB Luis Rodríguez | 0-0: Ball 1-0: Ball 2-0: Ball 3-0: Called Strike 3-1: Called Strike 3-2: Base on Balls | Batting: RHB Julius Sears | 0-0: Called Strike 0-1: Foul Ball, location: 2F 0-2: Ball 1-2: Strikes out swinging | Bottom of the 4th over - 1 run, 1 hit, 0 errors, 1 left on base; Xavier 5 - Oregon State 1 | TOP OF THE 5TH |
---|
Xavier Musketeers batting - Pitching for Oregon State Beavers : RHP John Womack | Batting: SHB Orlando Lópes | 0-0: Swinging Strike 0-1: Foul Ball, location: 2F 0-2: Ball 1-2: Foul Ball, location: 2F 1-2: Ball 2-2: Strikes out looking | Batting: RHB Floyd Reynolds | 0-0: Swinging Strike 0-1: Ball 1-1: Foul Ball, location: 2F 1-2: Strikes out looking | Batting: LHB Duncan Sharp | 0-0: Ball 1-0: Foul Ball, location: 2F 1-1: Ball 2-1: Foul Ball, location: 2F 2-2: Foul Ball, location: 2F 2-2: SINGLE (Groundball, 3D) | Batting: RHB Curt Lloyd | 0-0: Called Strike 0-1: Called Strike 0-2: Ball 1-2: SINGLE (Groundball, 34D) Duncan Sharp to second Runner from 2nd tries for 3rd, SAFE, throw made to third | Batting: LHB Johnny Beach | 0-0: Foul Ball, location: 2F 0-1: Called Strike 0-2: Strikes out swinging | Top of the 5th over - 0 runs, 2 hits, 0 errors, 2 left on base; Xavier 5 - Oregon State 1 | BOTTOM OF THE 5TH |
---|
Oregon State Beavers batting - Pitching for Xavier Musketeers : RHP Frank Phillips | Batting: RHB Bert Smith | 0-0: Called Strike 0-1: Ball 1-1: Swinging Strike 1-2: Fly out, F3 (Popup, 34S) | Batting: RHB Travis Jackson | 0-0: Swinging Strike 0-1: Hit by Pitch | Batting: RHB Wilson Serrano | 0-0: Called Strike Travis Jackson steals 2nd base 0-1: Ball 1-1: Fly out, F7 (Flyball, 7LS) | Batting: RHB Michael Kissinger | 0-0: Called Strike 0-1: Ball 1-1: Ball 2-1: Ball 3-1: Foul Ball, location: 2F 3-2: Base on Balls | Batting: LHB Jon Jackson | 0-0: SINGLE (Groundball, 34D) Travis Jackson to third Michael Kissinger to second Runner from 3rd tries for Home, SAFE, throw made home | Batting: RHB Lance Fullerton | 0-0: Ball 1-0: Swinging Strike 1-1: Ball 2-1: Fielders Choice at 2nd, 6-4 (Groundball, 6) | Bottom of the 5th over - 1 run, 1 hit, 0 errors, 2 left on base; Xavier 5 - Oregon State 2 | TOP OF THE 6TH |
---|
Xavier Musketeers batting - Pitching for Oregon State Beavers : RHP John Womack | Batting: RHB Albert Smedley | 0-0: Called Strike 0-1: Ball 1-1: Ball 2-1: Fly out, F4 (Flyball, 34D) | Batting: RHB Dillon Farley | 0-0: Called Strike 0-1: Fly out, F4 (Line Drive, 4) | Batting: RHB Edmund Kline | 0-0: Ball 1-0: Ball 2-0: Foul Ball, location: 2F 2-1: Ball 3-1: Base on Balls | Batting: LHB Bobby Ryan | 0-0: Ball Passed Ball! Edmund Kline to second 1-0: Foul Ball, location: 2F 1-1: Ground out 4-3 (Groundball, 6M) | Top of the 6th over - 0 runs, 0 hits, 0 errors, 1 left on base; Xavier 5 - Oregon State 2 | BOTTOM OF THE 6TH |
---|
Oregon State Beavers batting - Pitching for Xavier Musketeers : RHP Frank Phillips | Pitching: RHP Terry Gray | | Batting: SHB Brandon Hathaway | 0-0: Ball 1-0: Foul Ball, location: 2F 1-1: Ground out 5-3 (Groundball, 56) | Batting: SHB Luis Rodríguez | 0-0: Called Strike 0-1: Ball 1-1: Ball 2-1: Foul Ball, location: 2F 2-2: Foul Ball, location: 2F 2-2: Ball 3-2: Base on Balls | Batting: RHB Julius Sears | 0-0: Ball 1-0: Reached on error, E3 (Groundball, 34S) Luis Rodríguez to second | Batting: RHB Bert Smith | 0-0: Ball 1-0: Ball 2-0: Called Strike 2-1: Swinging Strike 2-2: DOUBLE (Line Drive, 7LM) Luis Rodríguez scores Julius Sears to third | Batting: RHB Travis Jackson | 0-0: Called Strike 0-1: Called Strike 0-2: Foul Ball, location: 2F 0-2: Foul Ball, location: 2F 0-2: Fly out, F6 (Popup, 6) | Batting: RHB Wilson Serrano | 0-0: Called Strike 0-1: Ball 1-1: Ball 2-1: Fly out, F9 (Flyball, 9S) | Bottom of the 6th over - 1 run, 1 hit, 1 error, 2 left on base; Xavier 5 - Oregon State 3 | TOP OF THE 7TH |
---|
Xavier Musketeers batting - Pitching for Oregon State Beavers : RHP John Womack | Batting: SHB Orlando Lópes | 0-0: Ball 1-0: Ball 2-0: Foul Ball, location: 2F 2-1: Swinging Strike 2-2: Strikes out looking | Batting: RHB Floyd Reynolds | 0-0: Ball 1-0: Ball 2-0: Ball 3-0: Called Strike 3-1: Base on Balls | Pitching: LHP Carroll O'Donovan | | Batting: LHB Duncan Sharp | 0-0: Ball 1-0: Ball 2-0: Ball 3-0: Called Strike 3-1: Called Strike 3-2: Foul Ball, location: 2F 3-2: Strikes out swinging | Batting: RHB Curt Lloyd | 0-0: Called Strike 0-1: DOUBLE (Line Drive, 7LM) Floyd Reynolds to third | Batting: LHB Johnny Beach | 0-0: Ball 1-0: Ball 2-0: SINGLE (Groundball, 34D) Floyd Reynolds scores Curt Lloyd to third Runner from 3rd tries for Home, SAFE, no throw | Batting: RHB Albert Smedley | 0-0: Ball 1-0: SINGLE (Groundball, 56D) Johnny Beach to second | Batting: RHB Dillon Farley | 0-0: Ball 1-0: Ball 2-0: Called Strike 2-1: Fly out, F9 (Flyball, 9S) | Top of the 7th over - 2 runs, 3 hits, 0 errors, 2 left on base; Xavier 7 - Oregon State 3 | BOTTOM OF THE 7TH |
---|
Oregon State Beavers batting - Pitching for Xavier Musketeers : RHP Terry Gray | Batting: RHB Michael Kissinger | 0-0: Called Strike 0-1: Ball 1-1: Ball 2-1: Ground out 3-1 (Groundball, 34) | Batting: LHB Jon Jackson | 0-0: Ball 1-0: SINGLE (Groundball, 4MD) | Batting: RHB Lance Fullerton | 0-0: Ball 1-0: Called Strike 1-1: Ball 2-1: SINGLE (Groundball, 4MD) Jon Jackson to second | Batting: SHB Brandon Hathaway | 0-0: Fly out, F7 (Flyball, 7) | Batting: SHB Luis Rodríguez | 0-0: Called Strike 0-1: Called Strike 0-2: Ball 1-2: Foul Ball, location: 2F 1-2: Ball 2-2: Strikes out swinging | Bottom of the 7th over - 0 runs, 2 hits, 0 errors, 2 left on base; Xavier 7 - Oregon State 3 | TOP OF THE 8TH |
---|
Xavier Musketeers batting - Pitching for Oregon State Beavers : LHP Carroll O'Donovan | Batting: RHB Edmund Kline | 0-0: Ball 1-0: SINGLE (Groundball, 4MD) | Batting: LHB Bobby Ryan | 0-0: Called Strike 0-1: Ball Pickoff Throw to First - Error! E1 Edmund Kline to second 1-1: SINGLE (Groundball, 4MD) Edmund Kline to third | Batting: SHB Orlando Lópes | 0-0: DOUBLE (Line Drive, 89D) Edmund Kline scores Bobby Ryan to third | Batting: RHB Floyd Reynolds | 0-0: Ball 1-0: Called Strike 1-1: Foul Ball, location: 2F 1-2: Strikes out looking | Batting: LHB Duncan Sharp | 0-0: Called Strike 0-1: Foul Ball, location: 2F 0-2: Foul Ball, location: 2F 0-2: Foul Ball, location: 2F 0-2: Ball 1-2: Ball 2-2: Foul Ball, location: 2F 2-2: Strikes out swinging | Batting: RHB Curt Lloyd | 0-0: Ball 1-0: Ball 2-0: Ball 3-0: Base on Balls | Batting: LHB Johnny Beach | 0-0: Ball 1-0: Swinging Strike 1-1: Foul Ball, location: 2F 1-2: Strikes out swinging | Top of the 8th over - 1 run, 3 hits, 1 error, 3 left on base; Xavier 8 - Oregon State 3 | BOTTOM OF THE 8TH |
---|
Oregon State Beavers batting - Pitching for Xavier Musketeers : RHP Terry Gray | Batting: RHB Julius Sears | 0-0: Ground out 6-3 (Groundball, 6) | Batting: RHB Bert Smith | 0-0: Swinging Strike 0-1: Foul Ball, location: 2F 0-2: Foul Ball, location: 2F 0-2: Foul Ball, location: 2F 0-2: Foul Ball, location: 2F 0-2: Foul Ball, location: 2F 0-2: Foul Ball, location: 2F 0-2: SINGLE (Line Drive, 89S) | Batting: RHB Travis Jackson | 0-0: Ball 1-0: Swinging Strike 1-1: Ball 2-1: Fly out, F7 (Flyball, 7S) | Batting: RHB Wilson Serrano | 0-0: SINGLE (Line Drive, 56D) Bert Smith to second | Batting: RHB Michael Kissinger | 0-0: Ball 1-0: Fly out, F4 (Line Drive, 4) | Bottom of the 8th over - 0 runs, 2 hits, 0 errors, 2 left on base; Xavier 8 - Oregon State 3 | TOP OF THE 9TH |
---|
Xavier Musketeers batting - Pitching for Oregon State Beavers : LHP Carroll O'Donovan | Batting: RHB Albert Smedley | 0-0: Ball 1-0: Foul Ball, location: 2F 1-1: Fly out, F8 (Flyball, 78D) | Batting: RHB Dillon Farley | 0-0: Called Strike 0-1: Ground out U3 (Groundball, 3) | Batting: RHB Edmund Kline | 0-0: Called Strike 0-1: Ball 1-1: Ball 2-1: Ball 3-1: Base on Balls | Batting: LHB Bobby Ryan | 0-0: Ground out 1-3 (Groundball, 13S) | Top of the 9th over - 0 runs, 0 hits, 0 errors, 1 left on base; Xavier 8 - Oregon State 3 | BOTTOM OF THE 9TH |
---|
Oregon State Beavers batting - Pitching for Xavier Musketeers : RHP Terry Gray | Batting: LHB Jon Jackson | 0-0: Called Strike 0-1: Ball 1-1: Foul Ball, location: 2F 1-2: Ball 2-2: Foul Ball, location: 2F 2-2: DOUBLE (Groundball, 5L) | Pitching: RHP Harrison Dillon | | Batting: RHB Lance Fullerton | 0-0: Ball 1-0: Ground out 4-3 (Groundball, 4) Jon Jackson to third | Batting: SHB Brandon Hathaway | 0-0: Called Strike 0-1: Ball 1-1: Ball 2-1: Ball 3-1: Foul Ball, location: 2F 3-2: Strikes out looking | Batting: SHB Luis Rodríguez | 0-0: Ball 1-0: Swinging Strike 1-1: Ball 2-1: Ball 3-1: Base on Balls | Batting: RHB Julius Sears | 0-0: Ball 1-0: Foul Ball, location: 2F 1-1: Foul Ball, location: 2F 1-2: Ball 2-2: SINGLE (Line Drive, 78S) Jon Jackson scores Luis Rodríguez to second | Pitching: RHP Júlio Rodríguez | | Batting: RHB Bert Smith | 0-0: Called Strike 0-1: Foul Ball, location: 2F 0-2: Foul Ball, location: 2F 0-2: Ball 1-2: Strikes out swinging | Bottom of the 9th over - 1 run, 2 hits, 0 errors, 2 left on base; Xavier 8 - Oregon State 4 | |